[Event "Early-Titled-Tuesday-Blitz-February-20-2024"]
[Site "Chess.com"]
[Date "2024.02.20"]
[Round "11"]
[White "cmunda"]
[Black "NovakRatko"]
[Result "0-1"]
[WhiteElo "2117"]
[BlackElo "2365"]
[TimeControl "180+1"]
[EndTime "10:07:22 PST"]
[Termination "NovakRatko won on time"]

1. e4 d5 2. exd5 c6 3. Nf3 cxd5 4.
d4 Nc6 5. c3 f6 6. Bb5 Bg4 7. O-O a6 8. Bxc6+ bxc6 9. Re1 Qd7 10. h3 Bh5 11. Bf4 e6 12. Nbd2 Bd6 13. Bxd6 Qxd6 14.
Nf1 Ne7 15. Ng3 Bf7 16. Re3 O-O 17. Qe2 Ng6 18. Re1 Nf4 19. Qd2 Rfe8 20. Ne2 Ng6 21. Ng3 a5 22. Nh2 e5 23. Nf5 Qd7 24. g4 e4 25. Rg3 Be6 26. Ne3 Qd6 27. Nhf1 Nf4 28. f3 Nd3 29. Rb1 g6 30. b3 Kh8 31. c4 f5 32.
gxf5 gxf5 33. fxe4 dxe4 34. d5 f4 35. Qc3+ Qe5 36.
Qxe5+ Nxe5 37. dxe6 fxg3 38. Nxg3 Rxe6 39. Ngf5 Rg8+ 40.
Kf2 Nd3+ 41. Kf1 Rf6 42. Rd1 Rgf8 0-1

[Event "Early-Titled-Tuesday-Blitz-February-20-2024"]
[Site "Chess.com"]
[Date "2024.02.20"]
[Round "11"]
[White "Kotofeyca"]
[Black "Lion-Al-Messi"]
[Result "1-0"]
[WhiteElo "2424"]
[BlackElo "2519"]
[TimeControl "180+1"]
[EndTime "10:07:25 PST"]
[Termination "Kotofeyca won by resignation"]

1. d4 Nf6 2. c4 b6 3. Nc3 Bb7 4. Bg5 e6 5. Qc2 d5 6. cxd5 exd5 7. e3 h6 8. Bh4 Be7 9. Nf3 O-O 10. Be2 c5 11. dxc5 bxc5 12. O-O Nc6 13. Rfd1 g5 14. Bg3 Qd7 15. Bb5 Qe6 16. Qa4 a6 17. Bf1 Nb4 18. Rd2 Ne4 19. Nxe4 dxe4 20. Ne5 Rad8 21. Rad1 Rxd2 22.
Rxd2 Rd8 23. Bc4 Rxd2 24. Bxe6 Kg7 25. Nc4 Re2 26. h3 fxe6 27. Qd7 Nd5 28. Qxb7 Rc2 29.
Ne5 Rc1+ 30. Kh2 h5 31. Nc6 Kf7 32. Nxe7 Nxe7 33. Bd6 1-0

[Event "Early-Titled-Tuesday-Blitz-February-20-2024"]
[Site "Chess.com"]
[Date "2024.02.20"]
[Round "11"]
[White "ClaudiaSof"]
[Black "pfalcon1949"]
[Result "1-0"]
[WhiteElo "2332"]
[BlackElo "2004"]
[TimeControl "180+1"]
[EndTime "10:07:29 PST"]
[Termination "ClaudiaSof won by resignation"]

1. e4 e6 2. d4 d5 3. Nd2 Nc6 4. Ngf3 Nf6 5. e5 Nd7 6. Bd3 f6 7. exf6 Nxf6 8. O-O Bd6 9. c3 O-O 10. Re1 Bd7 11. Ne5 Be8 12. Nf1 Qe7 13. Bg5 h6 14.
Bh4 g5 15. Bg3 Qg7 16. Ne3 Bxe5 17. dxe5 Nd7 18. Ng4 Bg6 19. Bxg6 Qxg6 20. Qb3 b6 21. Qa4 Ncb8 22. b4 c6 23. c4 d4 24. Rad1 c5 25. a3 h5 26. Nf6+ Nxf6 27. exf6 Qxf6 28. Rd2 Re8 29.
Qxe8+ Kg7 30. Be5 1-0

[Event "Early-Titled-Tuesday-Blitz-February-20-2024"]
[Site "Chess.com"]
[Date "2024.02.20"]
[Round "11"]
[White "maciek_92"]
[Black "FaustinoOro"]
[Result "1-0"]
[WhiteElo "2848"]
[BlackElo "2897"]
[TimeControl "180+1"]
[EndTime "10:07:30 PST"]
[Termination "maciek_92 won by resignation"]

1. c4 e5 2. g3 Nf6 3. Bg2 c6 4. Nf3 e4 5. Nd4 d5 6. cxd5 Qxd5 7. Nc2 Qe5 8. Nc3 Be7 9. Ne3 O-O 10. Qc2 Bc5 11.
Nxe4 Bxe3 12. dxe3 Re8 13. Nxf6+ Qxf6 14. O-O Nd7 15.
e4 Qe6 16. f4 f6 17. Be3 b6 18. Rfd1 Bb7 19. Qb3 Nf8 20. Qxe6+ Rxe6 21. b4 c5 22. bxc5 Bxe4 23. Bh3 f5 24. cxb6 axb6 25. Bd4 h6 26. Rac1 Rxa2 27. Rc7 Rg6 28. Be5 Ra8 29. Rd6 Rxd6 30.
Rxg7+ Kh8 31. Rd7+ Kg8 32. Rxd6 Ra2 33. Rxb6 Rxe2 34.
Bf1 Re1 35. Kf2 Rc1 36. Rxh6 Rc2+ 37. Ke3 Nd7 38. Bd4 Rc1 39. Be2 Nb8 40. Rh8+ 1-0

[Event "Early-Titled-Tuesday-Blitz-February-20-2024"]
[Site "Chess.com"]
[Date "2024.02.20"]
[Round "11"]
[White "tsaruk_maks"]
[Black "Yeritsyaan"]
[Result "1-0"]
[WhiteElo "2752"]
[BlackElo "2610"]
[TimeControl "180+1"]
[EndTime "10:07:30 PST"]
[Termination "tsaruk_maks won by resignation"]

1. e4 g6 2. d4 Bg7 3. c3 c6 4.
Bd3 d5 5. e5 h5 6. h3 Nh6 7. Bg5 Bf5 8. Be2 Qb6 9. Qc1 c5 10.
Nf3 Nc6 11. O-O cxd4 12. cxd4 Bxb1 13. Rxb1 Nf5 14. Rd1 Ncxd4 15. Nxd4 Nxd4 16. Bf1 Bxe5 17. Be3 Bf6 18. Qd2 e5 19. f4 O-O 20. fxe5 Bg5 21. Bxd4 Bxd2 22. Bxb6 axb6 23. Rxd2 Rxa2 24. Rxd5 Rc8 25.
Rb5 Rc5 26. Rxb6 Rxe5 27. Rxb7 Ra4 28. b3 Ra2 29. Bc4 Rf5 30. Rf1 Rxf1+ 31. Kxf1 1-0

[Event "Early-Titled-Tuesday-Blitz-February-20-2024"]
[Site "Chess.com"]
[Date "2024.02.20"]
[Round "11"]
[White "ChessLover0108"]
[Black "Evgeny81"]
[Result "1-0"]
[WhiteElo "2960"]
[BlackElo "2759"]
[TimeControl "180+1"]
[EndTime "10:07:32 PST"]
[Termination "ChessLover0108 won by resignation"]

1. Nf3 d5 2. g3 c6 3. Bg2 Bg4 4. O-O Nd7 5. d3 e5 6. Nbd2 Ngf6 7. c4 d4 8. Re1 Bd6 9. h3 Bh5 10. Nh4 O-O 11. Rb1 a5 12. a3 a4 13. Qc2 Re8 14. b4 axb3 15. Nxb3 Bxa3 16. Bxa3 Rxa3 17. Nf5 Qc7 18. c5 Bg6 19. Nd6 Rea8 20. Nxb7 Qxb7 21. Nxd4 Qc7 22. Nxc6 Re8 23. Rb7 Qc8 24. Qb2 Ra8 25.
Rc1 h5 26. Na7 Rxa7 27. Rxa7 e4 28. c6 Ne5 29. c7 exd3 30. Ra8 dxe2 31. Rxc8 Rxc8 32. Qxe5 1-0

[Event "Early-Titled-Tuesday-Blitz-February-20-2024"]
[Site "Chess.com"]
[Date "2024.02.20"]
[Round "11"]
[White "NovozhilovSemen"]
[Black "N4700000"]
[Result "1-0"]
[WhiteElo "2636"]
[BlackElo "2453"]
[TimeControl "180+1"]
[EndTime "10:07:35 PST"]
[Termination "NovozhilovSemen won on time"]

1. d4 Nf6 2. Nf3 g6 3. Nc3 d5 4.
Bf4 a6 5. e3 Bg7 6. Be2 Nbd7 7.
Ne5 c5 8. O-O cxd4 9. exd4 O-O 10.
a4 b6 11. Re1 Bb7 12. Bf3 Rc8 13. Nd3 e6 14. Qd2 Re8 15. a5 b5 16. b4 Rc4 17. Nc5 Nxc5 18. bxc5 Ne4 19. Bxe4 Rxd4 20. Bd3 Rxf4 21. Nxb5 Rh4 22. Nd6 Re7 23. Rab1 Bc6 24.
Rb6 Rc7 25. Bxa6 Bd4 26. g3 Rg4 27. h3 Bxc5 28. hxg4 Qxd6 29. Rb8+ Kg7 30. Qc3+ d4 31. Qb3 Bd5 32. Qb5 d3 33. Qe8 Bxf2+ 34. Kxf2 d2 35. Qh8+ 1-0

[Event "Early-Titled-Tuesday-Blitz-February-20-2024"]
[Site "Chess.com"]
[Date "2024.02.20"]
[Round "11"]
[White "ketster"]
[Black "lamomiajunior"]
[Result "1-0"]
[WhiteElo "2606"]
[BlackElo "2724"]
[TimeControl "180+1"]
[EndTime "10:07:40 PST"]
[Termination "ketster won by resignation"]

1. d4 Nf6 2. c4 e6 3. Nc3 Bb4 4. g3 d5 5. Bg2 O-O 6. Nf3 dxc4 7. O-O Nc6 8. Qa4 Rb8 9. Rd1 a6 10.
Ne5 Bxc3 11. Nxc6 bxc6 12. bxc3 Nd5 13. Qxc4 Bd7 14. e4 Nb6 15. Qxa6 Ra8 16. Qe2 Qe7 17. Bf4 Bc8 18. Qg4 Kh8 19. e5 Nd5 20. Bd2 f5 21.
exf6 Nxf6 22. Qe2 Ba6 23. c4 Rad8 24. Bc3 Qa3 25. Rac1 c5 26. dxc5 Rxd1+ 27. Qxd1 Qxc5 28. Qd4 Qa3 29. Re1 Qxa2 30. Rxe6 Bxc4 31. Re7 Bd5 32. Bxd5 Qa3 33. Rxc7 Rd8 34. Qxf6 1-0

[Event "Early-Titled-Tuesday-Blitz-February-20-2024"]
[Site "Chess.com"]
[Date "2024.02.20"]
[Round "11"]
[White "DonMicheleCorleone"]
[Black "BozeKat"]
[Result "1-0"]
[WhiteElo "2508"]
[BlackElo "2152"]
[TimeControl "180+1"]
[EndTime "10:07:40 PST"]
[Termination "DonMicheleCorleone won on time"]

1. e4 c6 2. Nc3 d5 3. Nf3 a6 4. d4 Bg4 5. h3 Bh5 6. Bd3 e6 7. O-O Nf6 8. e5 Nfd7 9. g4 Bg6 10.
Ne2 c5 11. c3 Nc6 12. Nf4 Bxd3 13. Qxd3 Be7 14. Kg2 Rc8 15. Nh5 O-O 16. h4 cxd4 17.
cxd4 Nb4 18. Qb3 Rc4 19. Bg5 Nc2 20. Rad1 Nb4 21. a3 Nc6 22. Qxb7 Bxg5 23. hxg5 Na5 24. Qa7 Rc2 25. Rc1 Rxb2 26. Rc7 Nb6 27. Rfc1 Nbc4 28. Nf6+ gxf6 29. gxf6 Kh8 30. Ng5 Ne3+ 31. Kg3 Nxg4 32. Rxf7 1-0

[Event "Early-Titled-Tuesday-Blitz-February-20-2024"]
[Site "Chess.com"]
[Date "2024.02.20"]
[Round "11"]
[White "Njal28"]
[Black "IM_ArthurDW08"]
[Result "1-0"]
[WhiteElo "3002"]
[BlackElo "2821"]
[TimeControl "180+1"]
[EndTime "10:07:42 PST"]
[Termination "Njal28 won on time"]

1. d4 Nf6 2. c4 g6 3. Nc3 Bg7 4. Nf3 O-O 5. Bg5 d6 6. e3 h6 7. Bh4 c5 8. Be2 g5 9. Bg3 Nh5 10. O-O Nxg3 11. hxg3 cxd4 12. Nxd4 Nc6 13. Qd2 Bd7 14.
Rac1 Rc8 15. Rfd1 Nxd4 16. exd4 e6 17. b4 a5 18. b5 Qb6 19. c5 Qc7 20. Ne4 dxc5 21.
dxc5 Rcd8 22. Qe3 Bc8 23. Nd6 Qb8 24. Bh5 b6 25. Nxc8 Rxc8 26. c6 Rc7 27. Rd3 Re7 28. Rcd1 Rc8 29. Rd7 1-0

[Event "Early-Titled-Tuesday-Blitz-February-20-2024"]
[Site "Chess.com"]
[Date "2024.02.20"]
[Round "11"]
[White "mortngabriel"]
[Black "LuisFSiles"]
[Result "1-0"]
[WhiteElo "2527"]
[BlackElo "2329"]
[TimeControl "180+1"]
[EndTime "10:07:43 PST"]
[Termination "mortngabriel won by resignation"]

1. e4 c5 2. Nf3 Nc6 3. d4 cxd4 4. Nxd4 Nf6 5. Nc3 e5 6. Ndb5 d6 7. Bg5 a6 8. Na3 b5 9. Nd5 Be7 10. Bxf6 Bxf6 11. c4 b4 12. Nc2 O-O 13. g3 a5 14. Bg2 Be6 15. O-O Rb8 16. Qd3 Bxd5 17. Qxd5 Qc7 18. b3 Rfd8 19. Rad1 Nd4 20. Nxd4 exd4 21.
f4 Qc5 22. e5 Qxd5 23. Bxd5 Be7 24. e6 fxe6 25. Bxe6+ Kf8 26. Rxd4 Bf6 27. Rd3 g6 28.
Rfd1 Ke7 29. Bg4 Bc3 30. Re3+ Kf8 31. Rd5 Re8 32. Rxe8+ Rxe8 33. Rxd6 Re1+ 34. Kg2 Ra1 35. c5 Rxa2+ 36. Kh3 Rc2 37. c6 Bf6 38. Rxf6+ Ke7 39. Re6+ Kf7 40. Rd6 h5 41. Rd7+ Ke8 42. Bf3 Rc3 43.
Bd5 Rc5 44. Bf7+ Kf8 45. c7 a4 46. bxa4 1-0

[Event "Early-Titled-Tuesday-Blitz-February-20-2024"]
[Site "Chess.com"]
[Date "2024.02.20"]
[Round "11"]
[White "dzhumagaliev"]
[Black "GMT4114"]
[Result "1-0"]
[WhiteElo "2760"]
[BlackElo "2034"]
[TimeControl "180+1"]
[EndTime "10:07:45 PST"]
[Termination "dzhumagaliev won on time"]

1. h4 e5 2. h5 d5 3. c3 Nc6 4. d4 Bf5 5. dxe5 Nxe5 6. Bf4 Bd6 7. Nf3 Nxf3+ 8. gxf3 Bxf4 9. Qa4+ Qd7 10. Qxf4 O-O-O 11. e3 h6 12. Nd2 Nf6 13. Nb3 Be6 14. Nc5 Qd6 15.
Qb4 Qb6 16. Qa3 Rhe8 17. Rh4 d4 18. Rxd4 Rxd4 19. cxd4 Nxh5 20. Rc1 Kb8 21. Bc4 Bc8 22. Bxf7 Nf6 23. Bxe8 Nxe8 24. Qb3 Qf6 25. Qg8 Nd6 26. Nd7+ 1-0

[Event "Early-Titled-Tuesday-Blitz-February-20-2024"]
[Site "Chess.com"]
[Date "2024.02.20"]
[Round "11"]
[White "Chessdude1987"]
[Black "noblerone"]
[Result "1-0"]
[WhiteElo "2358"]
[BlackElo "2515"]
[TimeControl "180+1"]
[EndTime "10:07:47 PST"]
[Termination "Chessdude1987 won by checkmate"]

1. e4 d5 2. exd5 Qxd5 3. Nf3 Nf6 4. Be2 Bg4 5. O-O e6 6. d4 c6 7. c4 Qd8 8. Nc3 Be7 9. h3 Bh5 10. Bf4 O-O 11. g4 Bg6 12. Ne5 Nfd7 13. Nxg6 hxg6 14. Be3 Bg5 15. f4 Bf6 16. Ne4 Be7 17. Bf3 Nf6 18.
Nc3 a5 19. Qe2 Na6 20. Rad1 Rc8 21. Rf2 Rb8 22. Rh2 Nh7 23. h4 Bxh4 24. g5 Nxg5 25. fxg5 Bxg5 26. Bxg5 Qxg5+ 27. Bg2 Rfd8 28. Ne4 Qe7 29.
Qe3 f6 30. Rf1 Nb4 31. Ng5 f5 32. Rh8+ Kxh8 33. Qh3+ Kg8 34. Qh7+ Kf8 35. Qh8# 1-0

[Event "Early-Titled-Tuesday-Blitz-February-20-2024"]
[Site "Chess.com"]
[Date "2024.02.20"]
[Round "11"]
[White "djano"]
[Black "Bilan_Danila"]
[Result "1-0"]
[WhiteElo "2665"]
[BlackElo "2488"]
[TimeControl "180+1"]
[EndTime "10:07:48 PST"]
[Termination "djano won by resignation"]

1. e4 c6 2. b3 d5 3. Bb2 dxe4 4. Nc3 Nf6 5. Qe2 Bg4 6. Qe3 Nbd7 7. Nxe4 e6 8. f3 Bf5 9. O-O-O Qa5 10. Kb1 Be7 11. h4 Qb6 12. Qe1 Nxe4 13. fxe4 Bg4 14. Nf3 a5 15. a4 Bf6 16. e5 Be7 17. Qg3 h5 18.
Bc4 Nc5 19. Qf4 Rd8 20. Rdf1 Nxa4 21. bxa4 Ba3 22. Bb3 Bxb2 23. Kxb2 O-O 24. Qe3 Qc7 25. Nh2 Bf5 26. Rhg1 b5 27. g4 hxg4 28. Nxg4 bxa4 29. Nf6+ Kh8 30. Rxf5 exf5 31. Rxg7 Qxe5+ 32. Qxe5 Kxg7 33. Ne8+ Kh6 34. Qg7+ 1-0

[Event "Early-Titled-Tuesday-Blitz-February-20-2024"]
[Site "Chess.com"]
[Date "2024.02.20"]
[Round "11"]
[White "KuzubovYuriy"]
[Black "Hikaru"]
[Result "1-0"]
[WhiteElo "2980"]
[BlackElo "3246"]
[TimeControl "180+1"]
[EndTime "10:07:49 PST"]
[Termination "KuzubovYuriy won by resignation"]

1. d4 g6 2. e4 Bg7 3. Nf3 c6 4. Be2 d5 5. Nc3 dxe4 6. Nxe4 Nf6 7. Nxf6+ exf6 8. O-O O-O 9. Re1 Nd7 10. Bf4 Re8 11. Qd2 Nf8 12. h3 Bf5 13. Bc4 Be4 14. Nh2 Qd7 15. Ng4 g5 16. Bh2 Bg6 17. c3 c5 18.
Rad1 Rad8 19. Rxe8 Qxe8 20. Qe3 Qd7 21. Qf3 Qf5 22.
Qxf5 Bxf5 23. Ne3 Be6 24. Bxe6 Nxe6 25. d5 Nf8 26. g4 Ng6 27. Kf1 Bf8 28. Nf5 Ne7 29.
Nxe7+ Bxe7 30. d6 Bf8 31. d7 1-0

[Event "Early-Titled-Tuesday-Blitz-February-20-2024"]
[Site "Chess.com"]
[Date "2024.02.20"]
[Round "11"]
[White "adotand"]
[Black "Ordekalog"]
[Result "0-1"]
[WhiteElo "2896"]
[BlackElo "2635"]
[TimeControl "180+1"]
[EndTime "10:07:51 PST"]
[Termination "Ordekalog won by resignation"]

1. Nf3 d5 2. d4 c5 3. c3 e6 4.
Bf4 Nf6 5. Nbd2 Bd6 6. e3 O-O 7.
Bd3 b6 8. Qe2 a5 9. Bxd6 Qxd6 10.
e4 Qf4 11. e5 Nfd7 12. g3 Qh6 13.
a4 Ba6 14. Bb5 Bxb5 15. axb5 f6 16. O-O fxe5 17. dxe5 c4 18. Nd4 Nc5 19. f4 Nbd7 20. N2f3 Ne4 21. Kg2 Ndc5 22. Nc6 Nd3 23. Nfd4 Rae8 24. Rf3 g5 25. fxg5 Nxg5 26. Rxf8+ Rxf8 27. h4 Ne4 28. Qg4+ Kh8 29. Rf1 Qd2+ 30. Qe2 Rxf1 31. Kxf1 Nxg3+ 0-1

[Event "Early-Titled-Tuesday-Blitz-February-20-2024"]
[Site "Chess.com"]
[Date "2024.02.20"]
[Round "11"]
[White "JaackCamel"]
[Black "Raffael89"]
[Result "1-0"]
[WhiteElo "2174"]
[BlackElo "1852"]
[TimeControl "180+1"]
[EndTime "10:07:56 PST"]
[Termination "JaackCamel won by checkmate"]

1. d4 d5 2. c4 c6 3. cxd5 cxd5 4. Bf4 Nf6 5. e3 Nc6 6. Nc3 g6 7. Bd3 a6 8. h3 Bg7 9. Nf3 O-O 10. O-O Bf5 11. Bxf5 gxf5 12. Ne5 Kh8 13. Nxc6 bxc6 14. Rc1 Qb6 15. Na4 Qb7 16. b3 Nd7 17. Nc5 Nxc5 18. Rxc5 Rg8 19. Qc2 Rac8 20. Qxf5 e6 21. Qh5 f5 22. Rfc1 Bf6 23. Qh6 Rg6 24. Qh5 Rcg8 25. g3 Bg5 26. Rxc6 Bxf4 27. exf4 Qb4 28. Rc7 h6 29. Rc8 Kh7 30. Rxg8 Rxg8 31. Qf7+ Rg7 32. Qxe6 Qd2 33. Qxf5+ Kg8 34. Rc8# 1-0

[Event "Early-Titled-Tuesday-Blitz-February-20-2024"]
[Site "Chess.com"]
[Date "2024.02.20"]
[Round "11"]
[White "CarlosjPineror"]
[Black "vladgoncharov"]
[Result "0-1"]
[WhiteElo "2572"]
[BlackElo "2655"]
[TimeControl "180+1"]
[EndTime "10:07:57 PST"]
[Termination "vladgoncharov won by resignation"]

1. e4 e6 2. d4 d5 3. e5 c5 4. c3 Nc6 5. Nf3 Nge7 6. a3 c4 7. Be2 Bd7 8. O-O Nc8 9. Bf4 Na5 10. Nbd2 Nb6 11. Qc1 h6 12. Bd1 Ba4 13. Bxa4+ Nxa4 14. Qc2 Qd7 15. h4 Be7 16. h5 b5 17. Be3 Rc8 18. Ne1 f5 19. exf6 Bxf6 20. Bf4 O-O 21. Bg3 Qf7 22.
Nef3 Qxh5 23. Rfe1 Qf5 24. Qc1 Nc6 25. Nf1 g5 26. Ne3 Qg6 27. Ng4 Bg7 28. Be5 h5 29. Bxg7 Rxf3 30. gxf3 hxg4 31. Be5 gxf3 32. Qe3 Qf5 33. Bg3 Kf7 34. Rab1 Rh8 35. Qxe6+ Qxe6 36. Rxe6 Kxe6 37. Re1+ Kd7 38. Re3 g4 0-1

[Event "Early-Titled-Tuesday-Blitz-February-20-2024"]
[Site "Chess.com"]
[Date "2024.02.20"]
[Round "11"]
[White "Karttunen"]
[Black "AlexeiShirov"]
[Result "0-1"]
[WhiteElo "2680"]
[BlackElo "2846"]
[TimeControl "180+1"]
[EndTime "10:08:00 PST"]
[Termination "AlexeiShirov won by resignation"]

1. e4 e5 2. Nf3 Nc6 3. Bb5 a6 4. Ba4 Nf6 5. O-O b5 6. Bb3 Bc5 7. c3 d6 8. d4 Bb6 9. a4 Rb8 10. a5 Ba7 11. Re1 Bg4 12. d5 Ne7 13. Be3 Bxe3 14.
Rxe3 Ng6 15. h3 h5 16. Nbd2 Nf4 17. Qf1 Bxf3 18. Rxf3 g5 19. g3 Nxh3+ 20. Kg2 h4 21. Qe2 Nh5 22. Kxh3 hxg3 23. Kg2 Nf4+ 24. Rxf4 gxf4 25.
fxg3 Qg5 26. Nf1 Ke7 27. c4 fxg3 28. c5 Rbg8 29. cxd6+ cxd6 30. Qc2 Rh2+ 31. Nxh2 gxh2+ 32. Kf3 Qf4+ 33. Ke2 0-1

[Event "Early-Titled-Tuesday-Blitz-February-20-2024"]
[Site "Chess.com"]
[Date "2024.02.20"]
[Round "11"]
[White "AnaKuchava"]
[Black "Maxfan2008"]
[Result "0-1"]
[WhiteElo "2207"]
[BlackElo "2521"]
[TimeControl "180+1"]
[EndTime "10:08:01 PST"]
[Termination "Maxfan2008 won by resignation"]

1. d4 Nf6 2. Nf3 d5 3. c4 c6 4. Qb3 dxc4 5. Qxc4 Be6 6. Qc2 g6 7. Nc3 Bg7 8. g3 O-O 9. Bg2 Nbd7 10. O-O a5 11.
Rd1 Nd5 12. e4 Nb4 13. Qe2 Nb6 14. b3 a4 15. Ba3 Na6 16. Nxa4 Nxa4 17. bxa4 Qa5 18.
Bxe7 Rfe8 19. Bd6 Qxa4 20. Qb2 b5 21. Be5 Bf8 22. d5 Ba3 23. Qd4 cxd5 24. Qxd5 Bxd5 25. exd5 Rxe5 26. Nxe5 Bb2 0-1

[Event "Early-Titled-Tuesday-Blitz-February-20-2024"]
[Site "Chess.com"]
[Date "2024.02.20"]
[Round "11"]
[White "Viktor_Poddubnyi"]
[Black "whiteglovethief"]
[Result "0-1"]
[WhiteElo "2288"]
[BlackElo "2451"]
[TimeControl "180+1"]
[EndTime "10:08:02 PST"]
[Termination "whiteglovethief won on time"]

1. e4 e6 2. d4 d5 3. Nd2 c5 4. exd5 exd5 5. Bb5+ Nc6 6. Qe2+ Be7 7. dxc5 Nf6 8. Nb3 O-O 9. Be3 a6 10. Ba4 Re8 11. O-O-O Qc7 12. Nf3 Bd7 13. h3 Nb4 14.
Bxd7 Qxd7 15. a3 Nc6 16. g4 Ne4 17. Qd3 Rad8 18. c4 Nf6 19. g5 dxc4 20. Qxc4 Nd5 21. h4 Qf5 22. Nfd4 Qe4 23. Qc2 Qg4 24. Nxc6 bxc6 25.
Nd4 Qc8 26. Nf5 Bf8 27. Rhe1 g6 28. Nh6+ Bxh6 29. gxh6 Qg4 30. Bg5 f6 31. Rxe8+ Rxe8 32. Bd2 Qxh4 33. Qb3 Qxf2 0-1

[Event "Early-Titled-Tuesday-Blitz-February-20-2024"]
[Site "Chess.com"]
[Date "2024.02.20"]
[Round "11"]
[White "BillCoe"]
[Black "cukin84"]
[Result "0-1"]
[WhiteElo "2138"]
[BlackElo "2242"]
[TimeControl "180+1"]
[EndTime "10:08:02 PST"]
[Termination "cukin84 won by resignation"]

1. e4 c6 2. d4 d5 3. Nc3 a6 4. Nf3 Bg4 5. h3 Bxf3 6. Qxf3 e6 7. exd5 cxd5 8. Bd3 Nc6 9. Be3 Nf6 10. O-O Bd6 11.
Ne2 b5 12. c3 Qc7 13. Bf4 Bxf4 14. Nxf4 Rc8 15. Rfe1 O-O 16. Nh5 Nxh5 17. Qxh5 g6 18.
Qh6 Qe7 19. Re3 Qf6 20. Rae1 Qg7 21. Qh4 Na5 22. Bb1 b4 23. Qe7 bxc3 24. bxc3 Nc4 25. Rg3 Nd2 26. Bc2 Rfe8 27. Qd6 a5 28. Ba4 Ne4 29.
Qa3 Nxg3 30. Bxe8 Ne4 31. Bd7 Rxc3 32. Qxa5 Rc2 33. Qd8+ Qf8 34. Qxf8+ Kxf8 35. a4 Nxf2 36. Ra1 Ne4 37. a5 Rc7 38. Bb5 Nc3 39. Bd3 Ra7 40. a6 Ke7 41. Ra3 Ne4 42. Rb3 Nd6 43. Rb6 Kd7 44.
Bb5+ Nxb5 45. Rxb5 Rxa6 46. Rb7+ Ke8 47. Rb8+ Ke7 48. Rb7+ Kf6 0-1

[Event "Early-Titled-Tuesday-Blitz-February-20-2024"]
[Site "Chess.com"]
[Date "2024.02.20"]
[Round "11"]
[White "Bigfish1995"]
[Black "AnishOnYoutube"]
[Result "1/2-1/2"]
[WhiteElo "3180"]
[BlackElo "3052"]
[TimeControl "180+1"]
[EndTime "10:08:03 PST"]
[Termination "Game drawn by agreement"]

1. e4 e5 2. Nf3 Nc6 3. Bb5 Nf6 4. d3 Bc5 5. Bxc6 dxc6 6. Nbd2 Be6 7. O-O Bd6 8. Nb3 b6 9. Bg5 Qd7 10. Qe2 c5 11.
Nbd2 h6 12. Bh4 Nh5 13. Nc4 Nf4 14. Qe3 Ng6 15. Bg3 Bxc4 16. dxc4 Qe6 17. b3 O-O 18. Rad1 Rad8 19. Rd2 Be7 20. Rfd1 Rxd2 21. Rxd2 Rd8 22. Rxd8+ Bxd8 23. Qd3 Be7 24. Qd5 Qxd5 25. cxd5 Bd6 26. Kf1 Kf8 27. Ke2 f6 28. Kd3 h5 29. h3 Ke8 30. a4 a6 31. Nd2 Kd7 32. Nc4 b5 33. axb5 axb5 34. Ne3 Ne7 35. f3 c6 36. c4 cxd5 37. exd5 e4+ 38. fxe4 Bxg3 1/2-1/2

[Event "Early-Titled-Tuesday-Blitz-February-20-2024"]
[Site "Chess.com"]
[Date "2024.02.20"]
[Round "11"]
[White "tarno17"]
[Black "NM_Antelacus"]
[Result "1-0"]
[WhiteElo "2156"]
[BlackElo "2239"]
[TimeControl "180+1"]
[EndTime "10:08:05 PST"]
[Termination "tarno17 won by resignation"]

1. e4 c5 2. Nf3 Nc6 3. Bb5 g6 4. O-O Bg7 5. c3 Nf6 6. e5 Nd5 7. d4 cxd4 8. cxd4 O-O 9. Nc3 Nxc3 10. bxc3 d5 11. Be3 Qa5 12. Qb3 a6 13. Bd3 e6 14.
Rac1 b5 15. Bg5 Bd7 16. Qc2 Rfc8 17. Qd2 b4 18. c4 dxc4 19. Rxc4 Qb6 20. Bf6 a5 21.
Rfc1 Na7 22. Bxg7 Kxg7 23. Qg5 Bb5 24. Qf6+ Kg8 25. Rxc8+ Rxc8 26. Rxc8+ Nxc8 27. Bxb5 Qxb5 28. Qd8+ Kg7 29. Qxc8 Qe2 30. h3 Qxa2 31. Qd8 Qb2 32. Qf6+ Kf8 33. Ng5 Qb1+ 34. Kh2 Qf5 35. Nxe6+ Ke8 36.
Ng7+ Kd7 37. Nxf5 gxf5 38. Qxf5+ Kc6 39. Qxf7 a4 40. Qc4+ Kb6 41. Qxb4+ 1-0

[Event "Early-Titled-Tuesday-Blitz-February-20-2024"]
[Site "Chess.com"]
[Date "2024.02.20"]
[Round "11"]
[White "ATM622"]
[Black "K_A_S_T_O_R"]
[Result "0-1"]
[WhiteElo "2474"]
[BlackElo "2804"]
[TimeControl "180+1"]
[EndTime "10:08:06 PST"]
[Termination "K_A_S_T_O_R won by checkmate"]

1. d4 Nf6 2. c4 e6 3. g3 c5 4. d5 exd5 5. cxd5 d6 6. Bg2 g6 7. Nf3 Bg7 8. O-O O-O 9. Nc3 Re8 10. Nd2 a6 11. a4 Nbd7 12. Nc4 Ne5 13. Nxe5 Rxe5 14. e4 Re8 15. Re1 Ng4 16. h3 Ne5 17. f4 Nc4 18. Qd3 Na5 19. Be3 c4 20.
Qc2 Bd7 21. Rad1 Nb3 22. Bf1 b5 23. Ne2 Bf5 24. Bg2 Qe7 25. exf5 Qxe3+ 26. Kh1 Qf2 27.
fxg6 hxg6 28. Be4 Nc5 29. Rf1 Nxe4 30. Rxf2 Nxf2+ 31. Kg2 Nxd1 32. Qxd1 Re3 33. Nd4 Rd3 34. Qg4 Rxd4 35. axb5 axb5 36. Qd7 Rxd5 37. Qb7 Rd2+ 38. Kf3 Re8 39. Qxb5 Rd3+ 40. Kg4 Re4 41. Qb8+ Kh7 42. h4 f5+ 43. Kh3 Ree3 44. h5 Rxg3+ 45. Kh2 Rh3+ 46. Kg2 Rdg3+ 47. Kf2 Bd4+ 48. Ke2 Rh2+ 49. Kf1 Rg1# 0-1

[Event "Early-Titled-Tuesday-Blitz-February-20-2024"]
[Site "Chess.com"]
[Date "2024.02.20"]
[Round "11"]
[White "DvaHrasta"]
[Black "ChEsper99"]
[Result "1-0"]
[WhiteElo "2524"]
[BlackElo "2238"]
[TimeControl "180+1"]
[EndTime "10:08:15 PST"]
[Termination "DvaHrasta won on time"]

1. c4 e5 2. g3 Nf6 3. Bg2 d5 4. cxd5 Nxd5 5. Nf3 Nc6 6. O-O Be7 7. d4 exd4 8. Nxd4 Nxd4 9. Qxd4 Nf6 10. Qa4+ c6 11.
Rd1 Qb6 12. Nd2 O-O 13. Nc4 Qb4 14. Qxb4 Bxb4 15. Bg5 Be6 16. Rac1 Rad8 17. Rxd8 Rxd8 18. Bxf6 gxf6 19. a3 Bd2 20. Rc2 Bh6 21. f4 Bf8 22.
Na5 Rd7 23. Be4 f5 24. Bf3 Bd6 25. Kg2 Bc7 26. Nxb7 Bb6 27. Nc5 Bxc5 28. Rxc5 Rd2 29. Rxc6 Bb3 30. Ra6 Rxb2 31. Rxa7 1-0

[Event "Early-Titled-Tuesday-Blitz-February-20-2024"]
[Site "Chess.com"]
[Date "2024.02.20"]
[Round "11"]
[White "mertfelin"]
[Black "Alenzer"]
[Result "0-1"]
[WhiteElo "2329"]
[BlackElo "2177"]
[TimeControl "180+1"]
[EndTime "10:08:18 PST"]
[Termination "Alenzer won by resignation"]

1. e4 c5 2. Nf3 e6 3. b3 d5 4.
Bb5+ Bd7 5. Bxd7+ Qxd7 6. exd5 exd5 7. O-O Be7 8. Bb2 Nf6 9. d4 b6 10. Ne5 Qc7 11. Nc3 a6 12. Re1 O-O 13. dxc5 Qxc5 14. Qf3 Nc6 15. Nxc6 Bd6 16. Ne5 d4 17. Na4 Qxc2 18.
Rac1 Qd2 19. Nc4 Qf4 20. Nxd6 Qxd6 21. Rc6 Qb4 22. Rd1 Rfe8 23. h3 b5 24. Nb6 Rab8 25.
Rxd4 Qe1+ 26. Kh2 Qe5+ 27. g3 h6 28. Rxf6 Qxf6 29. Qf5 Qxf5 0-1

[Event "Early-Titled-Tuesday-Blitz-February-20-2024"]
[Site "Chess.com"]
[Date "2024.02.20"]
[Round "11"]
[White "marsofsilva"]
[Black "BallottiLuca"]
[Result "0-1"]
[WhiteElo "2176"]
[BlackElo "2377"]
[TimeControl "180+1"]
[EndTime "10:08:20 PST"]
[Termination "BallottiLuca won by resignation"]

1. d4 Nf6 2. c4 e6 3. Nf3 b6 4. g3 Bb7 5. Bg2 Be7 6. Nc3 O-O 7. h4 Ne4 8. Nxe4 Bxe4 9. O-O d6 10. Bh3 h6 11. Nd2 Bb7 12. e4 Nd7 13. Bg2 e5 14. Nb3 exd4 15. Nxd4 Ne5 16. Nf5 Bf6 17. f4 Nd7 18.
Qg4 Kh8 19. Kh2 Nc5 20. Qe2 Re8 21. e5 Bxg2 22. Qxg2 dxe5 23. fxe5 Bxe5 24. Bf4 Bxf4 25. Rxf4 Qd3 26. Rd4 Qxf5 27. Rf1 Qe5 28. Rd2 f6 29. Rff2 Rad8 30. Rde2 Qd4 0-1